 Dungeon Crawl Stone Soup version 0.28-a0-1033-g1a2f33fa85 (webtiles) character file.

Game seed: 13855318004863113863

5784 Umoon2 the Covert (level 10, 0/77 HPs)
             Began as a Demonspawn Gladiator on Dec 8, 2021.
             Was a Follower of Uskayaw.
             Slain by an orc warrior (7 damage)
             ... on level 8 of the Dungeon.
             The game lasted 00:16:04 (10225 turns).

Umoon2 the Covert (Demonspawn Gladiator)           Turns: 10225, Time: 00:16:05

Health: 0/77       AC: 12    Str: 19    XL:     10   Next: 50%
Magic:  10/10      EV: 16    Int:  9    God:    Uskayaw [*.....]
Gold:   164        SH:  7    Dex: 25    Spells: 9/9 levels left

rFire   . . .      SeeInvis .   a - +0 rapier
rCold   . . .      Faith    .   p - +0 buckler
rNeg    . . .      Spirit   .   I - +2 ring mail {rPois}
rPois   +          Reflect  .   c - +0 helmet
rElec   .          Harm     .   (no cloak)
rCorr   +          Rampage  +   q - +0 pair of gloves
Will    .....                   E - +1 pair of boots {rampage}
Stlth   ++++++....              u - amulet of magic regeneration
HPRegen 0.22/turn               n - +6 ring of dexterity
MPRegen 0.52/turn               w - ring of resist corrosion

@: no status effects
A: thin skeletal structure 2, demonic guardian 2, powered by death 2, weakness
stinger 1
a: Renounce Religion, Stomp


You were on level 8 of the Dungeon.
You worshipped Uskayaw.
Uskayaw was noncommittal.
You visited 1 branch of the dungeon, and saw 9 of its levels.

You collected 345 gold pieces.
You spent 181 gold pieces at shops.

Inventory:

Hand Weapons
 a - a +0 rapier (weapon)
Missiles
 d - 3 throwing nets (quivered)
Armour
 b - a +0 leather armour
 c - a +0 helmet (worn)
 e - a +0 ring mail
 p - a +0 buckler (worn)
 q - a +0 pair of gloves (worn)
 E - a +1 pair of boots of rampaging (worn)
 I - a +2 ring mail of poison resistance (worn)
Jewellery
 n - a +6 ring of dexterity (left hand)
 t - a ring of poison resistance
 u - an amulet of magic regeneration (around neck)
 w - a ring of resist corrosion (right hand)
 G - a +6 ring of strength
 O - a +6 ring of strength
 P - a ring of willpower
Wands
 r - a wand of iceblast (5)
 x - a wand of paralysis (7)
 D - a wand of mindburst (2)
 H - a wand of flame (25)
 J - a wand of polymorph (11)
 N - a wand of acid (7)
Scrolls
 h - 7 scrolls of identify {unknown}
 i - 5 scrolls of teleportation {unknown}
 j - a scroll of holy word {unknown}
 k - 2 scrolls of blinking {unknown}
 y - 2 scrolls of immolation {unknown}
 C - a scroll of magic mapping {unknown}
 K - a scroll of enchant weapon {unknown}
 M - a scroll of fear {unknown}
 Q - a scroll of noise {unknown}
Potions
 f - a potion of attraction {unknown}
 g - 2 potions of flight {unknown}
 l - 5 potions of degeneration {unknown}
 m - 2 potions of mutation {unknown}
 o - 2 potions of heal wounds {unknown}
 s - a potion of ambrosia {unknown}
 v - a potion of haste {unknown}
 z - 3 potions of curing {unknown}
 A - a potion of berserk rage {unknown}
 B - a potion of brilliance {unknown}
 F - 2 potions of resistance {unknown}
 L - a potion of invisibility {unknown}


   Skills:
 + Level 6.4 Fighting
 * Level 6.4 Short Blades
 - Level 1.7 Throwing
 + Level 5.2 Armour
 + Level 6.2 Dodging
 * Level 8.2 Stealth
 + Level 5.0 Shields


You had 9 spell levels left.
You didn't know any spells.
Your spell library contained the following spells:

 Spells                   Type           Power      Damage    Failure   Level
 Blink                    Tloc           0%         N/A       69%         2
 Corpse Rot               Necr/Air       0%         N/A       69%         2
 Gell's Gravitas          Tloc           0%         N/A       89%         3
 Lesser Beckoning         Tloc           0%         N/A       89%         3
 Teleport Other           Tloc           0%         N/A       89%         3
 Dispel Undead            Necr           0%         3d6       100%        4
 Manifold Assault         Tloc           0%         N/A       100%        5
 Death Channel            Necr           0%         N/A       100%        6
 Dispersal                Tloc           0%         N/A       100%        6


Dungeon Overview and Level Annotations

Branches:
Dungeon (9/15)             Temple (0/1) D:7
   Lair: D:8-11         Orc: D:9-12

Altars:
Ashenzari
Cheibriados
Dithmenos
Fedhas
Hepliaklqana
Kikubaaqudgha
Makhleb
Nemelex Xobeh
Okawaru
Trog
Uskayaw
Yredelemnul
The Shining One

Shops:
D:3 *   D:4 [?[:[   D:7 *

Annotations:
D:3 1 runed translucent door, Umoon's ghost, amateur DsGl


Innate Abilities, Weirdness & Mutations

You have a moderately thin skeletal structure. (Dex +4, Stealth++)
A demonic guardian rushes to your aid.
You regenerate health from kills.
You have a small tail.


Message History

The orc warrior hits you with a +2 war axe of freezing!!
A demonic guardian appears!
The orc warrior freezes you.
You climb upwards.
Your summoned ally is left behind.
Reactivating autopickup.
There is a stone staircase leading down here.
Unknown command.
You hit the orc warrior but do no damage.
The orc warrior barely misses you.
You barely miss the orc warrior. You tail-slap the orc warrior.
The orc warrior is lightly wounded.
You block the orc warrior's attack.
You hit the orc warrior but do no damage.
You tail-slap the orc warrior, but do no damage.
The orc warrior is lightly wounded.
The orc warrior hits you with a +2 war axe of freezing!
The orc warrior freezes you.
You hit the orc warrior.
The orc warrior is lightly wounded.
The orc warrior hits you with a +2 war axe of freezing.
The orc warrior freezes you.
You hit the orc warrior.
Your tail-slap misses the orc warrior.
The orc warrior is moderately wounded.
You hit the orc warrior but do no damage.
You tail-slap the orc warrior, but do no damage.
The orc warrior is moderately wounded.
You block the orc warrior's attack.
You hit the orc warrior.
You tail-slap the orc warrior, but do no damage.
The orc warrior is heavily wounded.
The orc warrior hits you with a +2 war axe of freezing.
* * * LOW HITPOINT WARNING * * *
The orc warrior freezes you.
* * * LOW HITPOINT WARNING * * *
You hit the orc warrior.
You tail-slap the orc warrior, but do no damage.
The orc warrior is severely wounded.
The orc warrior hits you with a +2 war axe of freezing!
* * * LOW HITPOINT WARNING * * *
The orc warrior freezes you!
You die...

###########.#########
#........##.#
#.######.##.# #.#
#.##.# #.# #.##.# #.#
#.##.#
#.######.##.#########
#.##.................
#.#.@o...............
#.#.#######.###.#####
#.#.# #.###..####
#.#.# #..........
#.#.# #..........
#.#.# #..........
#.#.# #.)........
#.#.# #..........
#.#.# #..........


You could see an orc warrior.

Vanquished Creatures
  A two-headed ogre (D:8)
  Prince Ribbit (D:7)
  A hornet (D:9)
  A shadow (D:9)
  A steam dragon (D:9)
  5 yaks (D:8)
  Menkaure (D:7)
  An acid dragon (D:8)
  3 water moccasins
  2 orc warriors
  Duvessa (D:7)
  An ice beast (D:7)
  3 black bears
  A sky beast (D:7)
  2 ogres (D:5)
  3 necrophages
  3 centaurs
  A kobold brigand (D:7)
  A wyvern zombie (D:8)
  A scorpion (D:4)
  A water moccasin skeleton (D:6)
  A wyvern skeleton (D:7)
  2 howler monkeys
  A crimson imp (D:7)
  3 centaur zombies
  3 orc priests
  5 hounds
  3 iguanas
  2 scorpion zombies (D:5)
  3 orc wizards
  A killer bee zombie (D:5)
  A howler monkey skeleton (D:6)
  9 adders
  6 gnolls
  3 white imps (D:6)
  3 ufetubi (D:6)
  3 worms
  3 dart slugs (D:3)
  14 orcs
  7 endoplasms
  4 giant cockroaches
  2 goblins
  6 hobgoblins
  5 jackals
  A quokka (D:1)
  7 ball pythons
  4 bats
  4 frilled lizards
  12 kobolds
  3 rats
156 creatures vanquished.

Vanquished Creatures (collateral kills)
  A two-headed ogre (D:9)
  Dowan (D:7)
  A gnoll (D:4)
3 creatures vanquished.

Grand Total: 159 creatures vanquished

Notes
Turn   | Place    | Note
-------+----------+-------------------------------------------
     0 | D:1      | Umoon2 the Demonspawn Gladiator began the quest for the
                  | Orb.
     0 | D:1      | Reached XP level 1. HP: 16/16 MP: 1/1
    29 | D:1      | You fall into a shaft and drop 1 floor!
   522 | D:1      | Found a basalt altar of Yredelemnul.
   588 | D:1      | Gained mutation: You regenerate a little health from kills.
                  | [demonic ancestry]
   588 | D:1      | Reached XP level 2. HP: 14/22 MP: 2/2
   812 | D:1      | Found a faded altar of an unknown god.
  1106 | D:1      | Reached skill level 1 in Armour
  1491 | D:1      | Gained mutation: You have a somewhat thin skeletal
                  | structure. (Dex +2, Stealth+) [demonic ancestry]
  1491 | D:1      | Reached XP level 3. HP: 28/28 MP: 3/3
  2050 | D:3      | Reached skill level 1 in Stealth
  2065 | D:3      | Found Veebluac's General Store.
  2082 | D:3      | Gained mutation: A weak demonic guardian rushes to your
                  | aid. [demonic ancestry]
  2082 | D:3      | Reached XP level 4. HP: 17/34 MP: 4/4
  2454 | D:3      | Reached skill level 2 in Stealth
  2454 | D:3      | Reached skill level 1 in Shields
  2454 | D:3      | Gained mutation: A demonic guardian rushes to your aid.
                  | [demonic ancestry]
  2454 | D:3      | Reached XP level 5. HP: 41/41 MP: 5/5
  2700 | D:3      | Found a runed translucent door.
  2711 | D:3      | Noticed Umoon's ghost (amateur DsGl)
  3086 | D:4      | Found Cioqeno's Book Emporium.
  3177 | D:4      | Noticed a necrophage
  3199 | D:4      | Killed a necrophage
  3200 | D:4      | Reached skill level 3 in Stealth
  3200 | D:4      | Reached XP level 6. HP: 31/47 MP: 6/6
  3320 | D:4      | Found a broken altar of Ashenzari.
  3342 | D:4      | Found Xiereel's Antique Armour Shoppe.
  3419 | D:4      | Found a blossoming altar of Fedhas.
  3419 | D:4      | Found an ancient bone altar of Kikubaaqudgha.
  3427 | D:4      | Found a faded altar of an unknown god.
  3429 | D:4      | Found a sparkling altar of Nemelex Xobeh.
  3431 | D:4      | Found a faded altar of an unknown god.
  3507 | D:4      | Found Qasean's Magic Scroll Boutique.
  3586 | D:4      | Found Vugetsoj's Armour Shoppe.
  3811 | D:4      | Found Yxzelaaze's Antique Armour Boutique.
  4283 | D:5      | Entered Level 5 of the Dungeon
  4322 | D:5      | Gained mutation: You have a small tail. [demonic ancestry]
  4322 | D:5      | Reached XP level 7. HP: 51/53 MP: 7/7
  4471 | D:5      | Reached skill level 4 in Stealth
  5496 | D:4      | Found a hide-covered altar of Uskayaw.
  5496 | D:4      | Found a bloodstained altar of Trog.
  5496 | D:4      | Found an iron altar of Okawaru.
  5505 | D:4      | Became a worshipper of Uskayaw the Reveller
  5537 | D:6      | Reached * piety under Uskayaw
  5625 | D:6      | Found a snail-covered altar of Cheibriados.
  5756 | D:6      | Reached ** piety under Uskayaw
  5768 | D:6      | Gained mutation: You regenerate health from kills. [demonic
                  | ancestry]
  5768 | D:6      | Reached XP level 8. HP: 61/61 MP: 8/8
  5885 | D:4      | Bought a +1 pair of boots of rampaging for 181 gold pieces
  6089 | D:6      | Reached skill level 5 in Stealth
  6110 | D:6      | Found a shadowy altar of Dithmenos.
  6115 | D:6      | Found a hazy altar of Hepliaklqana.
  6240 | D:6      | Reached *** piety under Uskayaw
  6249 | D:6      | Identified the +0 robe "Ifohuun" {Will++ Dex-4}
  6718 | D:7      | Noticed Dowan
  6718 | D:7      | Noticed Duvessa
  6744 | D:7      | Reached skill level 5 in Fighting
  6744 | D:7      | Reached skill level 5 in Dodging
  6747 | D:7      | Reached **** piety under Uskayaw
  6760 | D:7      | Killed Dowan
  6925 | D:7      | Killed Duvessa
  6926 | D:7      | Reached skill level 6 in Stealth
  7159 | D:7      | Found a burning altar of Makhleb.
  7162 | D:7      | Gained mutation: You have a moderately thin skeletal
                  | structure. (Dex +4, Stealth++) [demonic ancestry]
  7162 | D:7      | Reached XP level 9. HP: 68/68 MP: 9/9
  7210 | D:7      | Found Fefuar's Assorted Antiques.
  7351 | D:7      | Noticed Menkaure
  7357 | D:7      | Killed Menkaure
  7459 | D:7      | Noticed Prince Ribbit
  7466 | D:7      | Killed Prince Ribbit
  7535 | D:7      | Found a staircase to the Ecumenical Temple.
  7649 | D:8      | Reached skill level 5 in Short Blades
  7650 | D:8      | Reached skill level 7 in Stealth
  8835 | D:8      | Noticed a two-headed ogre
  8845 | D:8      | Killed a two-headed ogre
  8846 | D:8      | Reached XP level 10. HP: 67/76 MP: 10/10
  9196 | D:7      | Reached skill level 5 in Armour
  9736 | D:9      | Noticed a two-headed ogre
  9746 | D:9      | Killed a two-headed ogre
  9747 | D:9      | Reached skill level 8 in Stealth
 10142 | D:9      | Reached skill level 5 in Shields
 10225 | D:8      | Slain by an orc warrior

Illustrated notes

Levels and vault maps discovered:
D:1:      amcnicky_arrival_wind_blow, layout_loops_ring,
          hellmonk_ecumenical_altar_inner_sanctum, minmay_hexomino_r4
D:2:      layout_basic
D:3:      layout_basic, ebering_ghost_sewer_d, serial_shops, shop
D:4:      layout_loops_ring, nicolae_overflow_hidden_temple,
          lemuel_crystal_altar, chequers_temple_overflow_minitemple,
          serial_shops, shop_fountains, shop, shop, shop, shop
D:5:      layout_basic
D:6:      layout_loops_corners, riverfiend_overflow_shadow_ancestor,
          mainiacjoe_overflow_catwalk
D:7:      layout_cave_pools, makhleb_grotto_becter,
          minmay_temple_entry_nine_rooms, serial_shops, nicolae_square_shop,
          uniq_duvessa, uniq_prince_ribbit1, uniq_menkaure
D:8:      layout_basic
D:9:      layout_stronghold, serial_shops, kennysheep_little_box,
          grunt_ministairs_5, fountainhead

Skill      XL: |  1  2  3  4  5  6  7  8  9 10 |
---------------+-------------------------------+-----
Dodging        | 3 4 5 6 |  6.2
Armour         | 1 2 3 4 5 |  5.2
Stealth        | 1 2 3 4 6 7 8 |  8.2
Fighting       | 3 4 5 6 |  6.4
Shields        | 1 2 3 4 5 |  5.0
Short Blades   | 4 5 6 |  6.4
Throwing       | |  1.7

Action                   |  1- 3 |  4- 6 |  7- 9 | 10-12 || total
-------------------------+-------+-------+-------+-------++-------
Melee: Rapier            |   116 |   166 |   321 |    59 ||   662
       Tailslap          |       |       |    76 |    24 ||   100
Invok: Stomp             |       |       |     1 |       ||     1
       Line Pass         |       |       |     1 |       ||     1
Evoke: Wand              |       |       |     7 |       ||     7
 Stab: Sleeping          |     5 |     7 |    17 |     4 ||    33
       Distracted        |     1 |       |     1 |       ||     2
       Paralysed         |       |       |     7 |       ||     7
Armor: Ring mail         |    46 |    41 |    77 |    21 ||   185
Dodge: Dodged            |    76 |    93 |   190 |    34 ||   393
Block: Buckler           |       |    37 |    90 |    17 ||   144

Table legend: (Time is in decaauts)
 A = Elapsed time spent in this place.
 B = Non-inter-level travel time spent in this place.
 C = Inter-level travel time spent in this place.
 D = Time resting spent in this place.
 E = Time spent auto-exploring this place.
 F = Levels seen in this place.
 G = Mean time per level.
                   A        B        C        D        E       F      G
               +--------+--------+--------+--------+--------+-----+--------+
         Total |  10262 |   9854 |    408 |   2400 |   5622 |   9 | 1140.2 |
       Dungeon |  10262 |   9854 |    408 |   2400 |   5622 |   9 | 1140.2 |
               +--------+--------+--------+--------+--------+-----+--------+

Top non-repeatable levels by time:
     D:8: 1696 daAuts
     D:4: 1366 daAuts
     D:5: 1319 daAuts
     D:7: 1174 daAuts
     D:6: 1115 daAuts
     D:1: 1114 daAuts
     D:3: 966 daAuts
     D:2: 932 daAuts
     D:9: 576 daAuts
